Match 43639615
Unlisted

Match 43639615
End
Construct Barracks
Selects Heavy Weapons
Riflemen Squad
Riflemen Squad
Riflemen Squad
Grenade Package
Riflemen Squad
Infantry Support Center
Construct Medical Station
M1918 Browning Automatic Rifles
Survival Training
Advanced Logistics
Selects Assault Carriers
Selects Exchangeable Parts
Munitions Surplus
Construct Weapon Support Center
Bazooka Squad
Bazooka Squad
Improved M9 Bazooka Rockets
Construct Tank Depot
Selects M26 Pershing Heavy Tank
Selects M2HB .50cal Heavy Machine Gun
M26 Pershing Heavy Tank
Engineer Squad
Selects Gallant Stand
Selects Black Dragon Artillery Barrage
Engineer Squad
Black Dragon Artillery Barrage
anioki
Laser
mr. zombie110
mr. lazу
50584sh
Derek
SSFFF
AliReZaHBk
0
0

Comments sign in to comment!

No comments posted yet!